ESL (28 & UNDER)
INTERCOURSE AMISH @ RIO GRANDE RATTLESNAKE
04/02/2029
 
TOP OF THE 1ST
Intercourse Amish batting - Pitching for Rio Grande Rattlesnake : RHP Bryce Davis
Pitching: RHP Bryce Davis
Batting: RHB Joe Zapata 0-0: Called Strike
0-1: Ball
1-1: Called Strike
1-2: Ball
2-2: Ball
3-2: Strikes out swinging
Batting: LHB Tony O'Bryan 0-0: Ground out U3 (Groundball, 3)
Batting: SHB Ralph Robison 0-0: Called Strike
0-1: Called Strike
0-2: Hit by Pitch
Batting: LHB Dave Reynolds 0-0: Called Strike
0-1: Foul Ball, location: 2F
0-2: Ball
1-2: Strikes out swinging
Top of the 1st over - 0 runs, 0 hits, 0 errors, 1 left on base; Intercourse 0 - Rio Grande 0
BOTTOM OF THE 1ST
Rio Grande Rattlesnake batting - Pitching for Intercourse Amish : LHP Pancho Guerrero
Pitching: LHP Pancho Guerrero
Batting: RHB Jaime Delgado 0-0: Foul Ball, location: 2F
0-1: Ball
1-1: Ball
2-1: SINGLE (Groundball, 6MD)
Batting: RHB Paul Martin 0-0: Ball
1-0: Ball
2-0: SINGLE (Flyball, 4MD)
Jaime Delgado to second
Batting: SHB Carlos Reyes 0-0: Called Strike
0-1: Ball
1-1: Fly out, F8 (Flyball, 8LS)
Batting: LHB Claudio Rodríguez 0-0: SINGLE (Flyball, 89S)
Jaime Delgado to third
Paul Martin to second
Runner from 3rd tries for Home, SAFE, no throw
Batting: RHB Joe Courtier 0-0: Ball
1-0: Ball
2-0: Ball
3-0: Base on Balls
Paul Martin to third
Claudio Rodríguez to second
Batting: SHB Luis López 0-0: Called Strike
0-1: Ball
1-1: Ball
2-1: Ball
3-1: Swinging Strike
3-2: Fly out, F9 (Flyball, 9D)
Runner from 3rd tags up, SCORES, no throw
Batting: RHB David Suarze 0-0: Called Strike
0-1: Foul Ball, location: 2F
0-2: Strikes out swinging
Bottom of the 1st over - 2 runs, 3 hits, 0 errors, 2 left on base; Intercourse 0 - Rio Grande 2
TOP OF THE 2ND
Intercourse Amish batting - Pitching for Rio Grande Rattlesnake : RHP Bryce Davis
Batting: RHB Frank Maxwell 0-0: Called Strike
0-1: Swinging Strike
0-2: Foul Ball, location: 2F
0-2: Ball
1-2: Foul Ball, location: 2F
1-2: Strikes out swinging
Batting: SHB Conan Hanson 0-0: Ball
1-0: Swinging Strike
1-1: Foul Ball, location: 2F
1-2: Ball
2-2: Ball
3-2: Foul Ball, location: 2F
3-2: SINGLE (Groundball, 6D)
Batting: RHB Pablo Díaz 0-0: Ball
1-0: Swinging Strike
1-1: Grounds into double play, 6-4-3 (Groundball, 6)
Top of the 2nd over - 0 runs, 1 hit, 0 errors, 0 left on base; Intercourse 0 - Rio Grande 2
BOTTOM OF THE 2ND
Rio Grande Rattlesnake batting - Pitching for Intercourse Amish : LHP Pancho Guerrero
Batting: LHB Pedro Díaz 0-0: Ball
1-0: Called Strike
1-1: Ball
2-1: Foul Ball, location: 2F
2-2: Ball
3-2: Base on Balls
Batting: SHB Jeremy Holmes 0-0: Fly out, F8 (Flyball, 8LM)
Batting: RHB Jaime Delgado 0-0: Ball
1-0: Ball
2-0: Ball
3-0: Called Strike
3-1: Foul Ball, location: 2F
3-2: Fly out, F9 (Flyball, 89D)
Batting: RHB Paul Martin 0-0: Called Strike
0-1: Fielders Choice at 2nd, 6-4 (Groundball, 6)
Bottom of the 2nd over - 0 runs, 0 hits, 0 errors, 1 left on base; Intercourse 0 - Rio Grande 2
TOP OF THE 3RD
Intercourse Amish batting - Pitching for Rio Grande Rattlesnake : RHP Bryce Davis
Batting: LHB Carlos De La Rosa 0-0: Foul Ball, location: 2F
0-1: Fly out, F8 (Flyball, 8LS)
Batting: RHB Esteban Ayala 0-0: Ball
1-0: Called Strike
1-1: Ball
2-1: Ground out 3-1 (Groundball, 34S)
Batting: RHB Joe Zapata 0-0: Ball
1-0: Ball
2-0: Foul Ball, location: 2F
2-1: Ball
3-1: Foul Ball, location: 2F
3-2: Foul Ball, location: 2F
3-2: Strikes out swinging
Top of the 3rd over - 0 runs, 0 hits, 0 errors, 0 left on base; Intercourse 0 - Rio Grande 2
BOTTOM OF THE 3RD
Rio Grande Rattlesnake batting - Pitching for Intercourse Amish : LHP Pancho Guerrero
Batting: SHB Carlos Reyes 0-0: Ball
1-0: Ball
2-0: Ball
3-0: Called Strike
3-1: Called Strike
3-2: Base on Balls
Batting: LHB Claudio Rodríguez 0-0: Called Strike
0-1: SINGLE (Groundball, 4) (infield hit)
Carlos Reyes to second
Batting: RHB Joe Courtier 0-0: Ball
1-0: Ball
2-0: Called Strike
2-1: Foul Ball, location: 2F
2-2: Foul Ball, location: 2F
2-2: Ball
3-2: Strikes out swinging
Batting: SHB Luis López 0-0: Ball
1-0: Swinging Strike
1-1: Swinging Strike
1-2: Ball
2-2: Ball
3-2: Ground out 5-3 (Groundball, 56S)
Carlos Reyes to third
Claudio Rodríguez to second
Batting: RHB David Suarze 0-0: Ball
1-0: Ball
2-0: Called Strike
2-1: Foul Ball, location: 2F
2-2: Ball
3-2: Foul Ball, location: 2F
3-2: Base on Balls
Batting: LHB Pedro Díaz 0-0: Swinging Strike
0-1: Swinging Strike
0-2: Strikes out looking
Bottom of the 3rd over - 0 runs, 1 hit, 0 errors, 3 left on base; Intercourse 0 - Rio Grande 2
TOP OF THE 4TH
Intercourse Amish batting - Pitching for Rio Grande Rattlesnake : RHP Bryce Davis
Batting: LHB Tony O'Bryan 0-0: Ball
1-0: Called Strike
1-1: Foul Ball, location: 2F
1-2: Foul Ball, location: 2F
1-2: Foul Ball, location: 2F
1-2: Ball
2-2: SINGLE (Line Drive, 89S)
Batting: SHB Ralph Robison 0-0: Ball
1-0: Foul Ball, location: 2F
1-1: Called Strike
1-2: Strikes out looking
Batting: LHB Dave Reynolds 0-0: Called Strike
0-1: Called Strike
0-2: Ball
1-2: Fly out, F8 (Flyball, 8RD)
Batting: RHB Frank Maxwell 0-0: Ball
1-0: Swinging Strike
1-1: Called Strike
1-2: Foul Ball, location: 2F
1-2: Strikes out swinging
Top of the 4th over - 0 runs, 1 hit, 0 errors, 1 left on base; Intercourse 0 - Rio Grande 2
BOTTOM OF THE 4TH
Rio Grande Rattlesnake batting - Pitching for Intercourse Amish : LHP Pancho Guerrero
Batting: SHB Jeremy Holmes 0-0: Ball
1-0: Ball
2-0: Ball
3-0: Called Strike
3-1: Fly out, F3 (Popup, 34)
Batting: RHB Jaime Delgado 0-0: Ball
1-0: Ball
2-0: Foul Ball, location: 2F
2-1: Foul Ball, location: 2F
2-2: Fly out, F4 (Popup, 4M)
Batting: RHB Paul Martin 0-0: Fly out, F7 (Flyball, 7S)
Bottom of the 4th over - 0 runs, 0 hits, 0 errors, 0 left on base; Intercourse 0 - Rio Grande 2
TOP OF THE 5TH
Intercourse Amish batting - Pitching for Rio Grande Rattlesnake : RHP Bryce Davis
Batting: SHB Conan Hanson 0-0: Ball
1-0: Foul Ball, location: 2F
1-1: Ball
2-1: Called Strike
2-2: Ball
3-2: Base on Balls
Batting: RHB Pablo Díaz 0-0: Called Strike
0-1: Fly out, F9 (Flyball, 9)
Batting: LHB Carlos De La Rosa 0-0: Foul Ball, location: 2F
0-1: Ball
1-1: Swinging Strike
1-2: Ball
2-2: Ball
3-2: Fly out, F8 (Flyball, 89D)
Batting: RHB Esteban Ayala 0-0: Ball
1-0: Swinging Strike
1-1: Ball
2-1: Called Strike
2-2: Ball
3-2: Strikes out swinging
Top of the 5th over - 0 runs, 0 hits, 0 errors, 1 left on base; Intercourse 0 - Rio Grande 2
BOTTOM OF THE 5TH
Rio Grande Rattlesnake batting - Pitching for Intercourse Amish : LHP Pancho Guerrero
Batting: SHB Carlos Reyes 0-0: Ball
1-0: SINGLE (Groundball, 56D)
Batting: LHB Claudio Rodríguez 0-0: Called Strike
0-1: Ball
1-1: Ball
2-1: Ball
3-1: Base on Balls
Carlos Reyes to second
Pitching: RHP Colin Younger
Batting: RHB Joe Courtier 0-0: Ball
1-0: Ball
2-0: Ball
3-0: Base on Balls
Carlos Reyes to third
Claudio Rodríguez to second
Batting: SHB Luis López 0-0: Foul Ball, location: 2F
0-1: Ball
1-1: Called Strike
1-2: Foul Ball, location: 2F
1-2: Foul Ball, location: 2F
1-2: Fly out, F8 (Line Drive, 78M)
Runner from 3rd tags up, SCORES, no throw
Batting: RHB David Suarze 0-0: Called Strike
0-1: Foul Ball, location: 2F
0-2: Ball
1-2: Hit by Pitch
Claudio Rodríguez to third
Joe Courtier to second
Batting: LHB Pedro Díaz 0-0: Foul Ball, location: 2F
0-1: Foul Ball, location: 2F
0-2: Ball
1-2: Ball
2-2: Strikes out looking
Batting: SHB Jeremy Holmes 0-0: Called Strike
0-1: Foul Ball, location: 2F
0-2: Strikes out swinging
Bottom of the 5th over - 1 run, 1 hit, 0 errors, 3 left on base; Intercourse 0 - Rio Grande 3
TOP OF THE 6TH
Intercourse Amish batting - Pitching for Rio Grande Rattlesnake : RHP Bryce Davis
Batting: RHB Joe Zapata 0-0: Ball
1-0: Ball
2-0: Called Strike
2-1: Ground out 5-3 (Groundball, 5S)
Batting: LHB Tony O'Bryan 0-0: Foul Ball, location: 2F
0-1: Foul Ball, location: 2F
0-2: Ground out 4-3 (Groundball, 4)
Batting: SHB Ralph Robison 0-0: Ball
1-0: Called Strike
1-1: Swinging Strike
1-2: Ball
2-2: Ground out 6-3 (Groundball, 6D)
Top of the 6th over - 0 runs, 0 hits, 0 errors, 0 left on base; Intercourse 0 - Rio Grande 3
BOTTOM OF THE 6TH
Rio Grande Rattlesnake batting - Pitching for Intercourse Amish : RHP Colin Younger
Batting: RHB Jaime Delgado 0-0: SINGLE (Flyball, 9LS)
Batting: RHB Paul Martin 0-0: Fly out, F8 (Flyball, 8RD)
Batting: SHB Carlos Reyes 0-0: Ball
1-0: Ball
2-0: Called Strike
2-1: Fly out, F9 (Flyball, 9)
Batting: LHB Claudio Rodríguez 0-0: Ball
Jaime Delgado is caught stealing 2nd base
Bottom of the 6th over - 0 runs, 1 hit, 0 errors, 0 left on base; Intercourse 0 - Rio Grande 3
TOP OF THE 7TH
Intercourse Amish batting - Pitching for Rio Grande Rattlesnake : RHP Bryce Davis
Batting: LHB Dave Reynolds 0-0: Foul Ball, location: 2F
0-1: Ball
1-1: Swinging Strike
1-2: Foul Ball, location: 2F
1-2: Ball
2-2: Strikes out swinging
Batting: RHB Frank Maxwell 0-0: Fly out, F3 (Popup, 23F)
Batting: SHB Conan Hanson 0-0: Called Strike
0-1: Swinging Strike
0-2: Ball
1-2: Strikes out looking
Top of the 7th over - 0 runs, 0 hits, 0 errors, 0 left on base; Intercourse 0 - Rio Grande 3
BOTTOM OF THE 7TH
Rio Grande Rattlesnake batting - Pitching for Intercourse Amish : RHP Colin Younger
Batting: LHB Claudio Rodríguez 0-0: Foul Ball, location: 2F
0-1: Ball
1-1: Ball
2-1: Ball
3-1: DOUBLE (Line Drive, 9LD)
Batting: RHB Joe Courtier 0-0: Ground out 4-3 (Groundball, 4)
Claudio Rodríguez to third
Batting: SHB Luis López 0-0: Ball
1-0: Fly out, F7 (Flyball, 78S)
Runner from 3rd tags up, SCORES, throw made
Batting: RHB David Suarze 0-0: Ball
1-0: Ball
2-0: Called Strike
2-1: Foul Ball, location: 2F
2-2: Foul Ball, location: 2F
2-2: Foul Ball, location: 2F
2-2: SINGLE (Line Drive, 4M)
Batting: LHB Pedro Díaz 0-0: Ball
1-0: Called Strike
1-1: Ground out U3 (Groundball, 3)
Bottom of the 7th over - 1 run, 2 hits, 0 errors, 1 left on base; Intercourse 0 - Rio Grande 4
TOP OF THE 8TH
Intercourse Amish batting - Pitching for Rio Grande Rattlesnake : RHP Bryce Davis
Pitching: RHP Adrián Mora
Batting: RHB Pablo Díaz 0-0: Ball
1-0: Foul Ball, location: 2F
1-1: Ball
2-1: Ball
3-1: Base on Balls
Pitching: RHP Albert Sánchez
Batting: LHB Carlos De La Rosa 0-0: Ball
1-0: Foul Ball, location: 2F
1-1: Ball
2-1: Fielders Choice at 2nd, 1-6 (Groundball, 13)
Batting: RHB Esteban Ayala 0-0: Ball
1-0: Fly out, F8 (Flyball, 8RS)
Batting: RHB Joe Zapata 0-0: Foul Ball, location: 2F
0-1: Ball
1-1: Ball
2-1: Ball
3-1: Base on Balls
Carlos De La Rosa to second
Batting: LHB Tony O'Bryan 0-0: Called Strike
0-1: Ball
1-1: Foul Ball, location: 2F
1-2: Fielders Choice at 2nd, 6-4 (Groundball, 6)
Top of the 8th over - 0 runs, 0 hits, 0 errors, 2 left on base; Intercourse 0 - Rio Grande 4
BOTTOM OF THE 8TH
Rio Grande Rattlesnake batting - Pitching for Intercourse Amish : RHP Colin Younger
Batting: SHB Jeremy Holmes 0-0: Ball
1-0: Ball
2-0: Ball
3-0: Base on Balls
Batting: RHB Jaime Delgado 0-0: Bunted foul
0-1: Sac Bunt - play at second, runner OUT! 2-6
Batting: RHB Paul Martin 0-0: Ball
1-0: Called Strike
1-1: Fly out, F8 (Flyball, 8RD)
Pitching: RHP David Nanod
Batting: SHB Carlos Reyes 0-0: Called Strike
Jaime Delgado steals 2nd base
0-1: SINGLE (Groundball, 4D)
Jaime Delgado to third
Runner from 3rd tries for Home, SAFE, throw made home
Batting: LHB Claudio Rodríguez 0-0: Ball
1-0: Ball
Wild Pitch!
Carlos Reyes to second
2-0: Ball
3-0: Called Strike
3-1: Base on Balls
Batting: RHB Joe Courtier 0-0: Swinging Strike
0-1: Ball
1-1: Foul Ball, location: 2F
1-2: Ball
2-2: Fielders Choice at 2nd, 6-4 (Groundball, 6)
Bottom of the 8th over - 1 run, 1 hit, 0 errors, 2 left on base; Intercourse 0 - Rio Grande 5
TOP OF THE 9TH
Intercourse Amish batting - Pitching for Rio Grande Rattlesnake : RHP Albert Sánchez
Now at C: Cristián Román
Now at 3B: Brian Moyer
Batting: SHB Ralph Robison 0-0: Ball
1-0: Foul Ball, location: 2F
1-1: Foul Ball, location: 2F
1-2: Foul Ball, location: 2F
1-2: Strikes out swinging
Batting: LHB Dave Reynolds 0-0: Ground out 4-3 (Groundball, 4)
Batting: RHB Frank Maxwell 0-0: Ball
1-0: Ball
2-0: Called Strike
2-1: Fly out, F6 (Line Drive, 6)
Top of the 9th over - 0 runs, 0 hits, 0 errors, 0 left on base; Intercourse 0 - Rio Grande 5
Saturday, December 16th, 2017 - OOTP Baseball 18.8 Build 76